 Dungeon Crawl Stone Soup version 0.28-a0-1555-g9ae15a6949 (webtiles) character file.

Game seed: 4720289121484449070

93 Hasart the Insei (level 4, -1/43 HPs)
             Began as an Octopode Transmuter on Jan 18, 2022.
             Slain by a water moccasin (6 damage)
             ... on level 2 of the Dungeon.
             The game lasted 00:04:49 (2859 turns).

Hasart the Insei (Octopode Transmuter)              Turns: 2859, Time: 00:04:50

Health: -1/43      AC:  2    Str:  9    XL:     4   Next: 62%
Magic:  4/7        EV: 19    Int: 17    God:
Gold:   92         SH:  0    Dex: 17    Spells: 1/7 levels left

rFire   . . .      SeeInvis .     - Unarmed
rCold   . . .      Faith    .   (shield currently unavailable)
rNeg    + . .      Spirit   .   (helmet currently unavailable)
rPois   x          Reflect  .   (no amulet)
rElec   .          Harm     .   k - ring of positive energy
rCorr   .          Rampage  .   (no ring)
Will    .....                   (no ring)
Stlth   ..........              (no ring)
HPRegen 0.14/turn               (no ring)
MPRegen 0.10/turn               (no ring)
                                (no ring)
                                (no ring)

@: berserking, lethally poisoned (-1 -> -10), spider-form, very quick
A: venomous fangs, almost no armour, (amphibious), 8 rings, tiny, (camouflage
1), (gelatinous body 1), (nimble swimmer 1), (tentacles)
a: End Transformation


You were on level 2 of the Dungeon.
You were a venomous arachnid creature.
You visited 1 branch of the dungeon, and saw 4 of its levels.

You collected 92 gold pieces.

Inventory:

Missiles
 d - 4 boomerangs (quivered)
 j - 3 poisoned darts
Jewellery
 k - a ring of positive energy (left front leg)
Scrolls
 a - 3 scrolls of identify {unknown}
 c - a scroll of enchant armour {unknown}
 e - a scroll of vulnerability {unknown}
 g - 3 scrolls of holy word {unknown}
Potions
 f - a potion of curing {unknown}
 h - a potion of invisibility {unknown}
 i - a potion of haste {unknown}


   Skills:
 + Level 1.7 Fighting
 + Level 0.9 Throwing
 + Level 2.5 Dodging
 * Level 3.7 Unarmed Combat
 + Level 2.3 Spellcasting
 + Level 2.5 Transmutations
 * Level 1.0 Poison Magic


You had one spell level left.
You knew the following spells:

 Your Spells              Type           Power      Damage    Failure   Level
a - Beastly Appendage     Tmut           20%        N/A       19%         1
b - Wereblood             Tmut           10%        N/A       24%         2
c - Spider Form           Tmut/Pois      8%         N/A       47%         3

Your spell library contained the following spells:

 Spells                   Type           Power      Damage    Failure   Level
 Sting                    Tmut/Pois      32%        1d4       22%         1
 Poisonous Vapours        Pois/Air       6%         N/A       43%         2
 Ice Form                 Ice/Tmut       6%         N/A       88%         4
 Olgreb's Toxic Radiance  Pois           5%         N/A       90%         4


Dungeon Overview and Level Annotations

Branches:
Dungeon (4/15)
 Temple: D:4-7

Altars:

Shops:
D:2 =*=*


Innate Abilities, Weirdness & Mutations

You are a venomous arachnid creature.
You have poisonous fangs.
You are tiny and dextrous.
Your spellcasting is less reliable in this form.
Your armour is entirely melded.
You are incapable of wielding weapons or throwing items.
You cannot wear most types of armour.
((You are amphibious.))
You can wear up to eight rings at the same time.
((Your skin changes colour to match your surroundings (Stealth+).))
((Your rubbery body absorbs attacks. (AC +1, EV +1)))
((You are camouflaged when in or above water. (Stealth+)))
((You have tentacles for arms and can constrict up to eight enemies at once.))


Message History

You see here a ball python corpse.
There is a stone staircase leading up here.
The water moccasin barely misses you. The rat misses you.
You climb upwards.
There is a stone staircase leading down here.
Casting: Beastly Appendage (safe; 7% risk of failure)
Confirm with . or Enter, or press ? or * to list all spells.
Okay, then.
Casting: Beastly Appendage (safe; 7% risk of failure)
Confirm with . or Enter, or press ? or * to list all spells.
The spell is quite dangerous to miscast (26% risk of failure)!
Continue anyway?
You turn into a venomous arachnid creature.
The water moccasin bites you.
You are lethally poisoned!
The water moccasin poisons you! The water moccasin bites you!
The rat completely misses you.
Unknown command.
You hit the water moccasin.
The water moccasin is lightly wounded.
* * * LOW HITPOINT WARNING * * *
You feel very sick.
The water moccasin completely misses you.
The rat barely misses you.
Unknown command.
It was a potion of berserk rage.
A red film seems to cover your vision as you go berserk!
You feel yourself moving faster!
You feel mighty!
* * * LOW HITPOINT WARNING * * *
You feel very sick. The water moccasin barely misses you.
The rat barely misses you. The water moccasin barely misses you.
You hit the water moccasin.
The water moccasin is moderately wounded.
* * * LOW HITPOINT WARNING * * *
You feel sick.
You hit the water moccasin.
The water moccasin is heavily wounded.
* * * LOW HITPOINT WARNING * * *
You feel sick. The water moccasin bites you.
You die...

#........<....#
#.............#
#.............#
#.)......)....#
########.............#
#.....................
#........##########...
#........# #...
#...rsS..# #...
#........# #...
#........# ########...
#........# #..........
#>.......# #..........
#........###..........
#................[....
#######...รท..######...
#......# #...


You could see a water moccasin and a rat.

Vanquished Creatures
  3 adders (D:2)
  A dart slug (D:3)
  An orc (D:3)
  5 endoplasms
  3 giant cockroaches
  9 goblins
  4 hobgoblins
  4 jackals (D:2)
  5 quokkas
  8 ball pythons
  4 bats
  4 kobolds
  5 rats
56 creatures vanquished.

Notes
Turn   | Place    | Note
-------+----------+-------------------------------------------
     0 | D:1      | Hasart the Octopode Transmuter began the quest for the Orb.
     0 | D:1      | Reached XP level 1. HP: 13/13 MP: 3/3
   592 | D:1      | Reached XP level 2. HP: 17/18 MP: 5/5
   595 | D:1      | Learned a level 2 spell: Wereblood
   815 | D:1      | Found a faded altar of an unknown god.
  1354 | D:2      | Reached XP level 3. HP: 3/23 MP: 4/6
  1430 | D:2      | Found Naack's Jewellery Shoppe.
  1444 | D:2      | Identified the +0 dagger of Stickiness {vorpal, *Slow rF-
                  | rCorr SInv}
  1539 | D:2      | Learned a level 3 spell: Spider Form
  2070 | D:2      | Found Ripluif's General Store.
  2076 | D:2      | Reached XP level 4. HP: 11/28 MP: 7/7
  2274 | D:2      | Found Jileffel's Jewellery Boutique.
  2509 | D:2      | Found Seconopt's Assorted Antiques.
  2590 | D:2      | Reached skill level 1 in Poison Magic
  2655 | D:3      | You fall into a shaft and drop 1 floor!
  2837 | D:3      | Noticed a water moccasin
  2859 | D:2      | Slain by a water moccasin

Illustrated notes

Levels and vault maps discovered:
D:1:      beargit_arrival_diablo_church, layout_basic,
          shapermc_ecumenical_altar_notcrosses
D:2:      layout_basic, serial_shops, nicolae_diamond_shop, shop,
          nicolae_shop_stone, nicolae_shop_waterfront, minmay_tromino_mix6
D:3:      layout_rooms, nicolae_hepliaklqana_monster_ancestors,
          ebering_dispersal_statue_hall
D:4:      layout_rooms, nicolae_dithmenos_through_a_glass_darkly,
          kennysheep_generic_room_13

Skill      XL: |  1  2  3  4 |
---------------+-------------+-----
Poison Magic   | 1 |  1.0
Fighting       | |  1.7
Throwing       | |  0.9
Dodging        | |  2.5
Unarmed Combat | |  3.7
Spellcasting   | |  2.3
Transmutations | |  2.5

Action                   |  1- 3 |  4- 6 || total
-------------------------+-------+-------++-------
Melee: Unarmed           |    95 |    41 ||   136
       Constrict         |    24 |    10 ||    34
       Tentacles         |    20 |     3 ||    23
       Kick              |     7 |     4 ||    11
       Punch             |     2 |     2 ||     4
Throw: Boomerang         |       |     4 ||     4
 Cast: Beastly Appendage |     3 |     3 ||     6
       Wereblood         |     3 |       ||     3
       Spider Form       |       |     1 ||     1
  Use: Potion            |     2 |     1 ||     3
 Stab: Sleeping          |     9 |     5 ||    14
Armor: Skin              |     4 |     2 ||     6
Dodge: Dodged            |    49 |    40 ||    89

Table legend: (Time is in decaauts)
 A = Elapsed time spent in this place.
 B = Non-inter-level travel time spent in this place.
 C = Inter-level travel time spent in this place.
 D = Time resting spent in this place.
 E = Time spent auto-exploring this place.
 F = Levels seen in this place.
 G = Mean time per level.
                   A        B        C        D        E       F      G
               +--------+--------+--------+--------+--------+-----+--------+
         Total |   2850 |   2825 |     25 |    324 |   2084 |   4 |  712.5 |
       Dungeon |   2850 |   2825 |     25 |    324 |   2084 |   4 |  712.5 |
               +--------+--------+--------+--------+--------+-----+--------+

Top non-repeatable levels by time:
     D:1: 1340 daAuts
     D:2: 1268 daAuts
     D:3: 233 daAuts
     D:4: 8 daAuts
